[Event "December 19 Early 2023"]
[Site "https://www.chess.com"]
[Date "2023.12.19"]
[Round "3"]
[White "Jakubowski, Krzysztof"]
[Black "Makhmudov, Shukhrat"]
[Result "1-0"]
[Board "197"]
[TimeControl "180+1"]
[WhiteFideId "1112848"]
[BlackFideId "14200775"]
[WhiteElo "2369"]
[BlackElo "2135"]
[WhiteTeam "POL"]
[BlackTeam "UZB"]
[WhiteClock "0:00:55"]
[BlackClock "0:00:06"]

1. e4 e5 2. Nf3 Nc6 3. Bc4 Nf6 4. Ng5 d5 5. exd5 Na5 6. Bb5+ c6 7. dxc6 bxc6 8. Bd3 Ng4 9. Nh3 Bc5 10. Be2 h5 11. c3 Nb7 12. O-O Qh4 13. d4 exd4 14. Bg5 Nxf2 15. Rxf2 Qe4 16. Bf3 Qe5 17. Bf4 Qf6 18. Qe2+ Kf8 19. Be5 d3 20. Qe4 Qf5 21. Bd4 Qxe4 22. Bxe4 Bxd4 23. cxd4 Bxh3 24. gxh3 Nd6 25. Bxc6 Rc8 26. d5 Ne4 27. Nd2 Nxf2 28. Kxf2 Ke7 29. Ke3 Kd6 30. Kxd3 f5 31. Nc4+ Kc5 32. Rc1 Kb4 33. a3+ Kb3 34. Rc3+ Ka2 35. b4 Rhd8 36. b5 Rc7 37. Kd4 Re7 38. Kc5 1-0

[Event "December 19 Early 2023"]
[Site "https://www.chess.com"]
[Date "2023.12.19"]
[Round "3"]
[White "Antunez Soler, Luis"]
[Black "Ernst, Luca"]
[Result "1-0"]
[Board "198"]
[TimeControl "180+1"]
[WhiteFideId "3513335"]
[BlackFideId "45117055"]
[WhiteElo "2154"]
[BlackElo "1973"]
[WhiteTeam "CUB"]
[BlackTeam "FRA"]
[WhiteClock "0:00:25"]
[BlackClock "0:00:00"]

1. e4 c5 2. Nf3 Nc6 3. Bb5 g6 4. c3 Nf6 5. Qe2 Bg7 6. O-O O-O 7. d4 cxd4 8. cxd4 d5 9. e5 Ne4 10. Nc3 Nxc3 11. bxc3 Bg4 12. Re1 Rc8 13. h3 Bxf3 14. Qxf3 Qa5 15. Bxc6 Rxc6 16. Bd2 e6 17. h4 h5 18. g4 hxg4 19. Qxg4 Qa4 20. Rec1 Qc4 21. Qg3 Qe2 22. Bg5 Rfc8 23. a4 b6 24. Kh2 Qb2 25. Rab1 Qa3 26. Bd2 Qxa4 27. h5 R6c7 28. hxg6 fxg6 29. Qxg6 Qe8 30. Qg4 Qf7 31. Rg1 Qxf2+ 32. Rg2 Qf7 33. Rbg1 Kf8 34. Qe2 Bxe5+ 35. Qxe5 Qh7+ 36. Kg3 Rg7+ 37. Kf2 Rxg2+ 38. Rxg2 Rc7 39. Bf4 Rf7 40. Qb8+ Ke7 41. Qd6+ Ke8 42. Qxe6+ Kf8 43. Qd6+ Ke8 44. Qe5+ Kd8 45. Ke3 Qh3+ 46. Rg3 Qd7 47. Rg8+ 1-0

[Event "December 19 Early 2023"]
[Site "https://www.chess.com"]
[Date "2023.12.19"]
[Round "3"]
[White "Petrova, Irina"]
[Black "Kim, Sergey"]
[Result "1/2-1/2"]
[Board "199"]
[TimeControl "180+1"]
[WhiteFideId "14124122"]
[BlackFideId "13700570"]
[WhiteElo "2085"]
[BlackElo "2599"]
[WhiteTeam "UKR"]
[BlackTeam "KAZ"]
[WhiteClock "0:00:06"]
[BlackClock "0:00:07"]

1. e4 e5 2. Nf3 Nc6 3. Bb5 a6 4. Ba4 Nf6 5. d3 b5 6. Bb3 Bc5 7. O-O d6 8. a3 h6 9. Nc3 O-O 10. h3 Be6 11. Nd5 Bxd5 12. Bxd5 Nxd5 13. exd5 Ne7 14. c4 Ng6 15. Be3 Bxe3 16. fxe3 f5 17. Qe1 Rb8 18. b3 bxc4 19. bxc4 Rb3 20. Qg3 Kh7 21. h4 f4 22. exf4 Nxf4 23. Qg4 h5 24. Ng5+ Kg8 25. Qf3 Qf6 26. Qe4 Qf5 27. Rab1 Qxe4 28. dxe4 Rxa3 29. Kh2 Ra2 30. Rg1 Rc2 31. Rb7 Rxc4 32. g3 Rc2+ 33. Kh1 Ne2 34. Rg2 Rc1+ 35. Kh2 Nd4 36. Ra7 Rff1 37. Ra8+ Rf8 38. Rxa6 Rcf1 39. Ra7 Rc1 40. Rb2 g6 41. Rba2 Kg7 42. Ra8 Rxa8 43. Rxa8 Rc2+ 44. Kh3 Rc3 45. Kg2 Rc2+ 46. Kh3 Rc3 47. Kg2 Rc2+ 48. Kh3 1/2-1/2

[Event "December 19 Early 2023"]
[Site "https://www.chess.com"]
[Date "2023.12.19"]
[Round "3"]
[White "Dowgird, Filip"]
[Black "Umarov, Sabir"]
[Result "1-0"]
[Board "200"]
[TimeControl "180+1"]
[WhiteFideId "1121235"]
[BlackFideId "14200538"]
[WhiteElo "2248"]
[BlackElo "2301"]
[WhiteTeam "POL"]
[BlackTeam "UZB"]
[WhiteClock "0:00:54"]
[BlackClock "0:00:00"]

1. d4 c6 2. Bf4 g6 3. e3 Bg7 4. c3 d5 5. Nd2 f5 6. Ngf3 Nf6 7. h3 O-O 8. Be2 Nbd7 9. g4 e6 10. Ne5 c5 11. Nxd7 Bxd7 12. dxc5 Ne4 13. gxf5 e5 14. Nxe4 Bxf5 15. Bg5 Qd7 16. Nd6 Qc6 17. Be7 Rfb8 18. Nxf5 gxf5 19. Bd6 Rd8 20. Qb3 Kh8 21. O-O-O d4 22. cxd4 exd4 23. Bb5 Qf3 24. exd4 Qxf2 25. Rhf1 Qh4 26. Rxf5 b6 27. Qg3 Qh6+ 28. Bf4 Qe6 29. Rg5 1-0

[Event "December 19 Early 2023"]
[Site "https://www.chess.com"]
[Date "2023.12.19"]
[Round "3"]
[White "Stankovic, Boris"]
[Black "Rushbrooke, Remy"]
[Result "1-0"]
[Board "201"]
[TimeControl "180+1"]
[WhiteFideId "985317"]
[BlackFideId "443590"]
[WhiteElo "2265"]
[BlackElo "1942"]
[WhiteTeam "SRB"]
[BlackTeam "ENG"]
[WhiteClock "0:00:45"]
[BlackClock "0:00:00"]

1. e4 e5 2. Nf3 Nf6 3. d4 Nxe4 4. dxe5 d5 5. exd6 Bxd6 6. Bd3 Qe7 7. O-O O-O 8. Re1 f5 9. Nbd2 Nc6 10. Nxe4 fxe4 11. Bxe4 Ne5 12. Nxe5 Bxe5 13. Bxh7+ Kxh7 14. Qh5+ Kg8 15. Rxe5 Qf6 16. Be3 Bg4 17. Qg5 Rad8 18. h3 Bc8 19. Qxf6 gxf6 20. Re7 Rf7 21. Rxf7 Kxf7 22. Kf1 Bf5 23. c3 b6 24. Ke1 a5 25. Rd1 Bd3 26. Bf4 c6 27. Bc7 Re8+ 28. Kd2 Bc4 29. Re1 Rc8 30. Bxb6 Rb8 31. Bxa5 Rxb2+ 32. Ke3 Rxa2 33. Bb4 Bd5 34. g4 Ra8 35. Kf4 Rh8 36. Kg3 Kg6 37. f4 f5 38. Bc5 Be4 39. Bd4 Re8 40. Ra1 Rb8 41. Ra7 Rb2 42. Rg7+ Kh6 43. Rf7 Rg2+ 44. Kh4 fxg4 45. hxg4 Rh2+ 46. Kg3 Rg2+ 47. Kh3 Kg6 48. Rf6+ Kh7 49. f5 Rd2 50. Rg6 Rd3+ 51. Kh4 Rd1 52. Rg7+ Kh8 53. Re7+ Kg8 54. Rxe4 1-0

[Event "December 19 Early 2023"]
[Site "https://www.chess.com"]
[Date "2023.12.19"]
[Round "3"]
[White "Olhovik, Andrei"]
[Black "Lesbekova, Assel"]
[Result "1-0"]
[Board "202"]
[TimeControl "180+1"]
[WhiteFideId "13507397"]
[BlackFideId "13713248"]
[WhiteElo "2172"]
[BlackElo "1861"]
[WhiteTeam "FID"]
[BlackTeam "KGZ"]
[WhiteClock "0:01:55"]
[BlackClock "0:02:14"]

1. d4 d5 2. c4 e6 3. Nc3 a6 4. cxd5 exd5 5. Bf4 Nf6 6. e3 Bd6 7. Bg3 O-O 8. Bd3 Be6 9. Nf3 c5 10. Bxd6 Qxd6 11. dxc5 Qxc5 12. Rc1 Qa5 13. O-O Nc6 14. Qa4 Qb4 15. Qxb4 Nxb4 16. Bb1 b5 17. Rfd1 Rac8 18. Nd4 Ne4 19. a3 Nxc3 20. Rxc3 Rxc3 21. bxc3 1-0

[Event "December 19 Early 2023"]
[Site "https://www.chess.com"]
[Date "2023.12.19"]
[Round "3"]
[White "Tikhonov, Viacheslav"]
[Black "Antonio, Jorge Carlos"]
[Result "0-1"]
[Board "203"]
[TimeControl "180+1"]
[WhiteFideId "44196407"]
[BlackFideId "113190"]
[WhiteElo "2209"]
[BlackElo "2247"]
[WhiteTeam "RUS"]
[BlackTeam "ARG"]
[WhiteClock "0:00:00"]
[BlackClock "0:00:50"]

1. e4 c5 2. Nf3 e6 3. b3 Nc6 4. Bb2 d5 5. Bb5 d4 6. Bxc6+ bxc6 7. d3 Nf6 8. O-O Be7 9. Nbd2 Qc7 10. e5 Nd5 11. Ne4 O-O 12. Rc1 f5 13. exf6 gxf6 14. c3 e5 15. cxd4 cxd4 16. a3 Be6 17. Re1 Kh8 18. Nc5 Bxc5 19. Rxc5 Rg8 20. Kh1 Qg7 21. Rg1 Ne7 22. b4 Bd5 23. Qe2 Qg4 24. b5 Rg7 25. bxc6 Bxc6 26. Bc1 Bd5 27. Bh6 Rg6 28. Bc1 Rag8 29. Rc7 Bxf3 30. Qf1 Bxg2+ 31. Rxg2 Qxg2+ 32. Qxg2 Rxg2 33. h4 R2g4 34. Bg5 fxg5 35. Rxe7 Rxh4+ 36. Kg2 Rf4 37. Rxa7 Rgf8 38. a4 h5 0-1

[Event "December 19 Early 2023"]
[Site "https://www.chess.com"]
[Date "2023.12.19"]
[Round "3"]
[White "Devaev, Alexander"]
[Black "Kohler, Aran"]
[Result "1-0"]
[Board "204"]
[TimeControl "180+1"]
[WhiteFideId "4169395"]
[BlackFideId "1002856"]
[WhiteElo "2172"]
[BlackElo "2282"]
[WhiteTeam "RUS"]
[BlackTeam "NED"]
[WhiteClock "0:00:11"]
[BlackClock "0:00:00"]

1. d4 Nf6 2. c4 c5 3. d5 b5 4. cxb5 a6 5. e3 g6 6. Nc3 Bg7 7. a4 O-O 8. Rb1 axb5 9. axb5 d6 10. Bd3 Nbd7 11. Nf3 Nb6 12. e4 e6 13. dxe6 Bxe6 14. O-O Ng4 15. Bg5 Qc7 16. Bf4 Ne5 17. Bxe5 dxe5 18. Nd2 c4 19. Bc2 Rfd8 20. Qe2 h5 21. Rfd1 Bg4 22. f3 Be6 23. Nf1 Bf8 24. Ne3 Bc5 25. Kh1 Bd4 26. Qe1 Qc5 27. Nf1 Rd7 28. Qe2 Rad8 29. Ng3 h4 30. Nf1 h3 31. g3 Kg7 32. g4 Qe7 33. Ng3 Qh4 34. Na4 Nxa4 35. Bxa4 Bb6 36. Bc2 Qe7 37. Rxd7 Rxd7 38. b3 Qc5 39. bxc4 Bxc4 40. Qe1 Bxb5 41. Bb3 Ba6 42. Bd5 Bc4 43. Rc1 Rxd5 44. exd5 Qxd5 45. Qe4 Qc5 46. Qxc4 Qf2 47. Qf1 Qd2 48. Rd1 Qc2 49. g5 Bd4 50. Re1 1-0

[Event "December 19 Early 2023"]
[Site "https://www.chess.com"]
[Date "2023.12.19"]
[Round "3"]
[White "Pogorelskikh, Sofia"]
[Black "Reprintsev, Alexander"]
[Result "1-0"]
[Board "205"]
[TimeControl "180+1"]
[WhiteFideId "44164548"]
[BlackFideId "14100541"]
[WhiteElo "2031"]
[BlackElo "2229"]
[WhiteTeam "SRB"]
[BlackTeam "UKR"]
[WhiteClock "0:01:19"]
[BlackClock "0:00:00"]

1. e4 d5 2. e5 c5 3. d4 Nc6 4. c3 Bf5 5. g4 Be4 6. f3 Bxb1 7. Rxb1 e6 8. Be3 cxd4 9. cxd4 Bb4+ 10. Kf2 Qh4+ 11. Kg2 f6 12. Bf2 Qh6 13. Bb5 Ne7 14. Ne2 O-O 15. a3 Bd2 16. Bg3 1-0

[Event "December 19 Early 2023"]
[Site "https://www.chess.com"]
[Date "2023.12.19"]
[Round "3"]
[White "Player, Edmund C"]
[Black "Parfenov, Viktor N."]
[Result "0-1"]
[Board "206"]
[TimeControl "180+1"]
[WhiteFideId "406520"]
[BlackFideId "4165969"]
[WhiteElo "2015"]
[BlackElo "2093"]
[WhiteTeam "ENG"]
[BlackTeam "RUS"]
[WhiteClock "0:00:00"]
[BlackClock "0:01:15"]

1. Nc3 e5 2. e4 Nf6 3. Bc4 Nxe4 4. Qh5 Nd6 5. Bb3 Be7 6. Nf3 Nc6 7. Nxe5 g6 8. Nxc6 dxc6 9. Qf3 O-O 10. d3 Nf5 11. Be3 Nh4 12. Qg3 Bd6 13. Qg5 Qxg5 14. Bxg5 Nxg2+ 15. Ke2 Nf4+ 16. Kf3 Ne6 17. Bh6 Re8 18. Ne4 Be5 19. c3 b6 20. d4 Bg7 21. Rae1 Bb7 22. Bxg7 Kxg7 23. h4 c5 24. d5 Nf8 25. h5 h6 26. hxg6 fxg6 27. Reg1 Nd7 28. Ng3 Ne5+ 29. Ke2 c4 30. Bc2 Bxd5 31. Nf5+ Kf6 32. f3 Bxf3+ 0-1

[Event "December 19 Early 2023"]
[Site "https://www.chess.com"]
[Date "2023.12.19"]
[Round "3"]
[White "Kanyamarala, Tarun"]
[Black "Rodriguez Santiago, Jaime"]
[Result "1-0"]
[Board "207"]
[TimeControl "180+1"]
[WhiteFideId "45004714"]
[BlackFideId "3100898"]
[WhiteElo "2318"]
[BlackElo "2025"]
[WhiteTeam "IRL"]
[BlackTeam "PUR"]
[WhiteClock "0:00:02"]
[BlackClock "0:00:11"]

1. e4 c6 2. d3 d5 3. Nf3 dxe4 4. dxe4 Qxd1+ 5. Kxd1 Bg4 6. Be2 Nd7 7. Nfd2 Bxe2+ 8. Kxe2 g6 9. Nc4 Bg7 10. c3 Ngf6 11. f3 O-O-O 12. Be3 Kb8 13. a4 Ne8 14. Rd1 Nd6 15. Bf4 Bf8 16. Nxd6 exd6 17. Bxd6+ Bxd6 18. Rxd6 Kc7 19. Rd1 Nc5 20. Nd2 Nd3 21. Nc4 Nf4+ 22. Kf2 b5 23. axb5 cxb5 24. Ne5 Rxd1 25. Rxd1 f6 26. Rd7+ Kb6 27. Nf7 Ra8 28. Rd6+ Kc5 29. g3 Nh5 30. Ra6 Kc4 31. Nd6+ Kb3 32. Nxb5 Kxb2 33. Ke3 Rb8 34. c4 Kb3 35. Kd4 Ng7 36. Nxa7 f5 37. c5 fxe4 38. fxe4 Kb4 39. Nc6+ 1-0

[Event "December 19 Early 2023"]
[Site "https://www.chess.com"]
[Date "2023.12.19"]
[Round "3"]
[White "Fernandez Sanchez, Mario Andres"]
[Black "Musalov, Ruslan"]
[Result "1-0"]
[Board "208"]
[TimeControl "180+1"]
[WhiteFideId "6501621"]
[BlackFideId "4141490"]
[WhiteElo "2050"]
[BlackElo "2268"]
[WhiteTeam "CRC"]
[BlackTeam "RUS"]
[WhiteClock "0:02:14"]
[BlackClock "0:01:15"]

1. d4 Nf6 2. Nc3 g6 3. e4 d6 4. Bf4 Bg7 5. Qd2 O-O 6. O-O-O c6 7. Bh6 Nbd7 8. h4 b5 9. f3 b4 10. Nce2 a5 11. h5 Nxh5 12. Rxh5 Nf6 13. Bxg7 Kxg7 14. Qh6+ Kg8 15. Rh1 Qc7 16. g4 a4 17. Nh3 b3 18. cxb3 axb3 19. a3 c5 20. d5 c4 21. Ng5 c3 22. Nxc3 Rxa3 23. Nxh7 1-0

[Event "December 19 Early 2023"]
[Site "https://www.chess.com"]
[Date "2023.12.19"]
[Round "3"]
[White "Fernandez Hernandez, Gerardo"]
[Black "Olsson, Linus"]
[Result "0-1"]
[Board "209"]
[TimeControl "180+1"]
[WhiteFideId "2207400"]
[BlackFideId "1706098"]
[WhiteElo "2258"]
[BlackElo "2222"]
[WhiteTeam "ESP"]
[BlackTeam "SWE"]
[WhiteClock "0:00:00"]
[BlackClock "0:00:04"]

1. e4 e5 2. Nf3 Nc6 3. d4 exd4 4. Bc4 Bc5 5. c3 d3 6. Qxd3 d6 7. Bf4 Nge7 8. O-O O-O 9. b4 Bb6 10. a4 a6 11. a5 Ba7 12. Nbd2 Be6 13. Rfe1 Ng6 14. Be3 Nge5 15. Qf1 Nxc4 16. Nxc4 h6 17. Bxa7 Rxa7 18. Nd4 Nxd4 19. cxd4 Qg5 20. d5 Bd7 21. Re3 Raa8 22. Qd3 Bb5 23. Qd4 Rae8 24. Rg3 Rxe4 25. Qxe4 Qf6 26. Rd1 Re8 27. Qd3 Qf4 28. Re3 Rxe3 29. Qxe3 Qxc4 30. Qd2 Qb3 31. h3 Bc4 32. Kh2 Kh7 33. g3 Bb5 34. Rc1 c6 35. Qc2+ Qxc2 36. Rxc2 cxd5 37. Rd2 Bc4 38. f4 Kg6 39. Kg2 Kf5 40. Kf3 Ke6 41. g4 Kd7 42. Ke3 Kc6 43. Kd4 Kb5 44. Kc3 Bf1 45. Rf2 Bxh3 46. g5 h5 47. Re2 Be6 48. f5 Bxf5 49. Re7 h4 50. Rxb7+ Kc6 51. Rxf7 g6 52. Re7 h3 53. Re2 Be4 54. Rd2 Bg2 0-1

[Event "December 19 Early 2023"]
[Site "https://www.chess.com"]
[Date "2023.12.19"]
[Round "3"]
[White "Deveci, Huseyin Said"]
[Black "Rogov, Matfey"]
[Result "1/2-1/2"]
[Board "210"]
[TimeControl "180+1"]
[WhiteFideId "26322455"]
[BlackFideId "44191308"]
[WhiteElo "1954"]
[BlackElo "2057"]
[WhiteTeam "TUR"]
[BlackTeam "RUS"]
[WhiteClock "0:00:04"]
[BlackClock "0:00:04"]

1. e4 e6 2. d4 d5 3. Nd2 Nf6 4. e5 Nfd7 5. f4 c5 6. c3 Nc6 7. Ndf3 f6 8. g3 Qb6 9. Kf2 cxd4 10. cxd4 fxe5 11. fxe5 Ndxe5 12. Nxe5 Nxe5 13. Kg2 Nf7 14. Nf3 Bd6 15. Bd3 O-O 16. Rf1 Bd7 17. Qc2 h6 18. Bh7+ Kh8 19. Nh4 Rfc8 20. Qg6 Be8 21. Rxf7 Bxf7 22. Qxf7 Kxh7 23. Bxh6 Qxd4 24. Rd1 Qe4+ 25. Kh3 Kxh6 26. Re1 Rf8 27. Qxe6+ Qxe6+ 28. Rxe6+ Rf6 29. Nf5+ Kg5 30. Rxf6 Kxf6 31. Nxd6 a6 32. Nxb7 Rb8 33. Nc5 Rxb2 34. a4 d4 35. Kg4 Rb4 36. Kf3 Rc4 37. Nxa6 Rxa4 38. Nc5 Rc4 39. Nd3 Ke6 40. Ke4 g5 41. h4 gxh4 42. gxh4 Kd6 43. h5 Ra4 44. h6 Ra8 45. Kxd4 Rh8 46. Ne5 Ke6 47. Ng4 Kf5 48. Ne3+ Kg5 49. Ke5 Rxh6 50. Nf5 Ra6 51. Nd4 Ra5+ 52. Ke4 Kf6 53. Kf4 Ra4 54. Ke4 Ke7 55. Ke5 Ra5+ 56. Ke4 Kd6 57. Nf5+ Ke6 58. Nd4+ Kf6 59. Kf4 Rh5 60. Ke4 Rh4+ 61. Kd5 Rh8 62. Ke4 Rd8 63. Nf3 Ra8 64. Nd4 Ra5 1/2-1/2

[Event "December 19 Early 2023"]
[Site "https://www.chess.com"]
[Date "2023.12.19"]
[Round "3"]
[White "Valle Luis, Leo"]
[Black "Floresvillar Gonzalez, Luis Migu"]
[Result "1-0"]
[Board "211"]
[TimeControl "180+1"]
[WhiteFideId "54577187"]
[BlackFideId "5100542"]
[WhiteElo "2143"]
[BlackElo "2040"]
[WhiteTeam "ESP"]
[BlackTeam "MEX"]
[WhiteClock "0:01:09"]
[BlackClock "0:00:01"]

1. e4 c6 2. d4 d5 3. e5 c5 4. dxc5 Nc6 5. Nf3 Bg4 6. Bb5 e6 7. Be3 Qa5+ 8. Nc3 Ne7 9. a3 a6 10. b4 Qc7 11. Bxc6+ Nxc6 12. Bf4 f5 13. h3 Bxf3 14. Qxf3 Be7 15. Qg3 O-O 16. O-O Rf7 17. Ne2 b6 18. cxb6 Qxb6 19. c3 a5 20. Be3 Qc7 21. Bd4 axb4 22. axb4 Rff8 23. Qe3 h6 24. b5 Na5 25. Bb6 Nc4 26. Bxc7 Nxe3 27. fxe3 Rxa1 28. Rxa1 Bc5 29. Nd4 Kf7 30. b6 Bxb6 31. Bxb6 Rc8 32. Ba5 g5 33. Bb4 f4 34. exf4 gxf4 35. Rf1 Kg6 36. Rxf4 Kh5 37. Kh2 Rg8 38. g4+ Kg5 39. Rf6 h5 40. Nf3# 1-0

[Event "December 19 Early 2023"]
[Site "https://www.chess.com"]
[Date "2023.12.19"]
[Round "3"]
[White "Hernando Rodrigo, Julio Antonio"]
[Black "Semenova, Alina"]
[Result "1-0"]
[Board "213"]
[TimeControl "180+1"]
[WhiteFideId "2208350"]
[BlackFideId "24113875"]
[WhiteElo "2260"]
[BlackElo "1827"]
[WhiteTeam "ESP"]
[BlackTeam "RUS"]
[WhiteClock "0:01:48"]
[BlackClock "0:01:42"]

1. d4 Nf6 2. c4 e6 3. Nf3 b6 4. g3 Bb7 5. Bg2 Be7 6. O-O O-O 7. Re1 c5 8. Nc3 cxd4 9. Nxd4 Bxg2 10. Kxg2 d5 11. cxd5 Nxd5 12. Nxd5 Qxd5+ 13. e4 Qd7 14. Bf4 Nc6 15. Nxc6 Qxc6 16. Rc1 Qb5 17. Qb3 Qxb3 18. axb3 Rac8 19. Red1 g5 20. Be3 Bf6 21. Rxc8 Rxc8 22. Rd7 Bxb2 23. Rxa7 Rc3 24. Ra8+ Kg7 25. Bd4+ 1-0

[Event "December 19 Early 2023"]
[Site "https://www.chess.com"]
[Date "2023.12.19"]
[Round "3"]
[White "Eilers, Stefan"]
[Black "Larina, Maria"]
[Result "1/2-1/2"]
[Board "214"]
[TimeControl "180+1"]
[WhiteFideId "4609565"]
[BlackFideId "24113182"]
[WhiteElo "2441"]
[BlackElo "1848"]
[WhiteTeam "GER"]
[BlackTeam "FID"]
[WhiteClock "0:00:10"]
[BlackClock "0:00:15"]

1. d4 f5 2. Bg5 g6 3. h4 h6 4. Bf4 Nf6 5. Nc3 d5 6. Qd3 Na6 7. Qg3 Rg8 8. Nf3 Nh5 9. Qh2 Nxf4 10. Qxf4 e6 11. e3 Nb4 12. O-O-O a6 13. Kb1 Qd6 14. Ne5 Bd7 15. f3 O-O-O 16. e4 dxe4 17. fxe4 Nc6 18. g3 g5 19. hxg5 hxg5 20. Qf3 Nxe5 21. dxe5 Qxe5 22. Bc4 Qc5 23. Bb3 Rg7 24. exf5 Qxf5 25. Qe2 Re7 26. Rhf1 Qg6 27. Qe3 Kb8 28. Ne4 Ree8 29. Nc5 Bc8 30. Rxd8 Rxd8 31. Nxe6 Re8 32. Re1 Bxe6 33. Bxe6 Bd6 34. g4 Qf6 35. c3 Bf4 36. Qe4 Re7 37. a3 Bd6 38. Ka2 Qf4 39. Qxf4 Bxf4 40. Re4 c6 41. Kb3 Kc7 42. Kc4 Kd6 43. Bf5 Rxe4+ 44. Bxe4 b6 45. Bf5 c5 46. Kd3 Be5 47. b3 Bf4 48. c4 Be5 49. Ke4 Bf4 50. a4 Bc1 51. Bc8 a5 52. Kf5 Bf4 53. Be6 Be3 54. Bd5 Bf4 55. Kf6 Be3 56. Kf7 Bf4 57. Ke8 Kc7 58. Ke7 Be3 59. Ke6 Bf4 60. Be4 Be3 61. Kd5 Bf4 62. Bf5 Be3 1/2-1/2

[Event "December 19 Early 2023"]
[Site "https://www.chess.com"]
[Date "2023.12.19"]
[Round "3"]
[White "Gurevich, Dmitry"]
[Black "De Souza, Cristiano Gomes"]
[Result "1-0"]
[Board "215"]
[TimeControl "180+1"]
[WhiteFideId "2000407"]
[BlackFideId "2151758"]
[WhiteElo "2506"]
[BlackElo "2068"]
[WhiteTeam "USA"]
[BlackTeam "BRA"]
[WhiteClock "0:00:26"]
[BlackClock "0:00:05"]

1. d4 Nf6 2. c4 g6 3. Nc3 Bg7 4. e4 d6 5. Nf3 O-O 6. Be2 e5 7. O-O Nc6 8. d5 Ne7 9. Ne1 Ne8 10. Be3 f5 11. f3 h5 12. c5 a6 13. Na4 f4 14. Bf2 g5 15. cxd6 Nxd6 16. Nc5 Kh7 17. Rc1 Bh6 18. Ne6 Bxe6 19. dxe6 Ng6 20. Qc2 Rc8 21. Nd3 Qe7 22. Qb3 Rf6 23. Nb4 Qxe6 24. Nd5 Rf7 25. Rfd1 Rd7 26. Nb6 Qxb3 27. axb3 cxb6 28. Rxc8 Bf8 29. Bxb6 Kg7 30. Bc7 Ne7 31. Bxd6 Rxd6 32. Rxd6 Nxc8 33. Rd7+ Kf6 34. Rxb7 Bc5+ 35. Kf1 Nd6 36. Rc7 Bd4 37. Rc6 Ke7 38. Rxa6 g4 39. b4 gxf3 40. gxf3 Kd7 41. b5 Kc7 42. Rc6+ Kd7 43. b4 Nc8 44. Rh6 Nb6 45. Rxh5 Na4 46. Rh6 Kc7 47. Rg6 Nc3 48. h4 1-0

[Event "December 19 Early 2023"]
[Site "https://www.chess.com"]
[Date "2023.12.19"]
[Round "3"]
[White "Tworuszka, Michal"]
[Black "Franchini, Gabriele"]
[Result "0-1"]
[Board "217"]
[TimeControl "180+1"]
[WhiteFideId "1117858"]
[BlackFideId "806790"]
[WhiteElo "2426"]
[BlackElo "2215"]
[WhiteTeam "POL"]
[BlackTeam "ITA"]
[WhiteClock "0:00:00"]
[BlackClock "0:00:31"]

1. e4 e6 2. d4 d5 3. Nc3 Nf6 4. exd5 exd5 5. Bd3 c5 6. dxc5 Bxc5 7. Nf3 O-O 8. O-O Bg4 9. Bg5 Nc6 10. h3 Bh5 11. Bxf6 Qxf6 12. Nxd5 Qh6 13. c4 Ne5 14. Be2 Bxf3 15. Bxf3 Nxc4 16. Qc1 Rac8 17. Qxh6 gxh6 18. Rfc1 Ne5 19. Be2 Rfd8 20. Nf6+ Kg7 21. Ne4 Bd4 22. Rxc8 Rxc8 23. Nd6 Rc2 24. Bf1 Rxf2 25. Kh1 Kg6 0-1

[Event "December 19 Early 2023"]
[Site "https://www.chess.com"]
[Date "2023.12.19"]
[Round "3"]
[White "Mizzi, Jack"]
[Black "Palmer, Reegan"]
[Result "1-0"]
[Board "218"]
[TimeControl "180+1"]
[WhiteFideId "5602521"]
[BlackFideId "14322145"]
[WhiteElo "2127"]
[BlackElo "1814"]
[WhiteTeam "MLT"]
[BlackTeam "RSA"]
[WhiteClock "0:01:04"]
[BlackClock "0:00:08"]

1. d4 Nf6 2. c4 g6 3. g3 c5 4. Bg2 Bg7 5. d5 O-O 6. Nf3 d6 7. O-O e6 8. Nc3 exd5 9. cxd5 Re8 10. Nd2 a6 11. a4 Nbd7 12. Nc4 Nb6 13. Nxb6 Qxb6 14. a5 Qc7 15. Re1 Bg4 16. Qb3 Nd7 17. h3 Bf5 18. g4 c4 19. Qb4 Bc2 20. Bf4 Ne5 21. Rac1 Bb3 22. Ne4 Qd7 23. Qxd6 Rad8 24. Qb4 Qb5 25. Qxb5 axb5 26. Nc5 Re7 27. Nxb3 cxb3 28. Rc5 Nc4 29. Rxb5 Bxb2 30. Rxb3 Bg7 31. Rc1 Nxa5 32. Rb5 b6 33. Rxb6 Rxe2 34. Ra6 Nb3 35. Rd1 Bd4 36. Bg3 Rd2 37. Rxd2 Nxd2 38. d6 Nc4 39. Ra4 Bc5 40. Rxc4 Bxd6 41. Rd4 Be7 42. Rxd8+ Bxd8 43. Be5 Ba5 44. f4 Bd8 45. Kf2 f6 46. Bd5+ Kg7 47. Bd4 Bc7 48. Kf3 h6 49. h4 g5 50. hxg5 hxg5 51. fxg5 Kg6 52. gxf6 Bd8 53. Be4+ Kh6 54. Be3# 1-0

[Event "December 19 Early 2023"]
[Site "https://www.chess.com"]
[Date "2023.12.19"]
[Round "3"]
[White "Buchenau, Frank"]
[Black "Kuchava, Ana"]
[Result "1-0"]
[Board "219"]
[TimeControl "180+1"]
[WhiteFideId "4604350"]
[BlackFideId "13605348"]
[WhiteElo "2157"]
[BlackElo "1950"]
[WhiteTeam "GER"]
[BlackTeam "GEO"]
[WhiteClock "0:00:13"]
[BlackClock "0:00:00"]

1. e4 c5 2. Nf3 d6 3. Bb5+ Bd7 4. Bxd7+ Qxd7 5. c4 Nc6 6. d4 cxd4 7. Nxd4 Nf6 8. Nc3 g6 9. f3 Bg7 10. Be3 O-O 11. O-O a6 12. Qd3 Rac8 13. b3 Ne5 14. Qd2 Rfd8 15. h3 Qc7 16. f4 Ned7 17. Rac1 Nc5 18. Qc2 b6 19. Rfe1 Qb7 20. Bf2 Bh6 21. g3 e5 22. Nde2 Nfxe4 23. Nd5 Nxf2 24. Kxf2 Ne6 25. Rcd1 b5 26. Qe4 Nc5 27. Qf3 bxc4 28. bxc4 Kg7 29. f5 Bg5 30. f6+ Kg8 31. Ne7+ Kf8 32. Qxb7 Nxb7 33. Nxc8 Rxc8 34. Nc3 Rxc4 35. Ne4 Rc2+ 36. Re2 Bh6 37. Rxc2 1-0

[Event "December 19 Early 2023"]
[Site "https://www.chess.com"]
[Date "2023.12.19"]
[Round "3"]
[White "Arshiya Das"]
[Black "Marchesich, Giovanni"]
[Result "1-0"]
[Board "220"]
[TimeControl "180+1"]
[WhiteFideId "25652150"]
[BlackFideId "2824790"]
[WhiteElo "1481"]
[BlackElo "2198"]
[WhiteTeam "IND"]
[BlackTeam "ITA"]
[WhiteClock "0:00:23"]
[BlackClock "0:00:00"]

1. e4 e5 2. Nf3 d5 3. d3 dxe4 4. dxe4 Qxd1+ 5. Kxd1 f6 6. Nc3 c6 7. Bc4 Bc5 8. Ke2 b5 9. Bb3 a5 10. a3 Ba6 11. Ke1 Nd7 12. Bd2 Ne7 13. a4 b4 14. Nd1 Nc8 15. Be3 Nd6 16. Nd2 Ke7 17. f3 Rhd8 18. Kf2 Bxe3+ 19. Nxe3 Nc5 20. Rad1 Ne6 21. Bxe6 Kxe6 22. Nb3 Nb7 23. Nf5 g6 24. Ne3 f5 25. exf5+ gxf5 26. Rhe1 Kf6 27. g4 f4 28. Nf1 c5 29. Nfd2 c4 30. Ne4+ Kf7 31. Nbc5 Nxc5 32. Nxc5 Re8 33. Rd7+ Re7 34. Rxe7+ Kxe7 35. Rxe5+ Kd6 36. Rh5 c3 37. bxc3 Bc4 38. Ne4+ Ke6 39. Rh6+ Kf7 40. Rxh7+ Kg6 41. Rc7 Bd5 42. Rc5 Bxe4 43. fxe4 bxc3 44. Rxc3 Rh8 45. h3 Rd8 46. Kf3 Rd4 47. Ra3 Kg5 48. c3 Rd3+ 49. Kf2 Rxh3 50. Rb3 Kxg4 51. Rb8 Rh2+ 52. Kg1 Ra2 53. Rb5 Rxa4 54. e5 Kg3 55. Rb1 Re4 56. Rc1 Rxe5 57. c4 f3 58. c5 1-0

[Event "December 19 Early 2023"]
[Site "https://www.chess.com"]
[Date "2023.12.19"]
[Round "3"]
[White "Bach Ngoc Thuy Duong"]
[Black "Essing, Arnold"]
[Result "0-1"]
[Board "221"]
[TimeControl "180+1"]
[WhiteFideId "12408956"]
[BlackFideId "4619862"]
[WhiteElo "1970"]
[BlackElo "2257"]
[WhiteTeam "VIE"]
[BlackTeam "GER"]
[WhiteClock "0:00:00"]
[BlackClock "0:00:25"]

1. d4 d5 2. c4 e6 3. Nc3 c5 4. cxd5 exd5 5. Nf3 Nc6 6. e3 Nf6 7. Be2 Bd6 8. O-O O-O 9. Nb5 cxd4 10. exd4 Be7 11. Bf4 Bg4 12. Rc1 a6 13. Nc3 Ne4 14. h3 Bh5 15. Ne5 Bxe2 16. Nxe2 Nxe5 17. dxe5 Bc5 18. Nc3 Nxc3 19. Rxc3 Ba7 20. Rd3 d4 21. Rg3 Kh8 22. Qg4 Rg8 23. Qf5 Qe8 24. Rg4 Qe6 25. Qd3 f5 26. exf6 Qxf6 27. Bg5 Qe6 28. Rh4 h6 29. Bxh6 gxh6 30. Rd1 Rg6 31. Qf3 Rag8 0-1